 Dungeon Crawl Stone Soup version 0.29-a0-266-gf56f883ddd (webtiles) character file.

Game seed: 5883585105851136519

81 avis the Insei (level 4, -1/40 HPs)
             Began as a Hill Orc Monk on Mar 7, 2022.
             Slain by an orc
             ... wielding a +0 short sword
              (5 damage)
             ... on level 2 of the Dungeon.
             The game lasted 00:09:30 (1969 turns).

avis the Insei (Hill Orc Monk)                      Turns: 1969, Time: 00:09:30

Health: -1/40      AC:  2    Str: 13    XL:     4   Next: 40%
Magic:  4/4        EV: 12    Int: 12    God:
Gold:   101        SH:  0    Dex: 13    Spells: 1/3 levels left

rFire   . . .      SeeInvis .     - Unarmed
rCold   . . .      Faith    .   (no shield)
rNeg    . . .      Spirit   .   a - +0 robe
rPois   .          Reflect  .   (no helmet)
rElec   .          Harm     .   (no cloak)
rCorr   .          Rampage  .   (no gloves)
Will    .....                   (no boots)
Stlth   ++........              (no amulet)
HPRegen 0.13/turn               (no ring)
MPRegen 0.09/turn               (no ring)

@: no status effects
A: no striking features
a: no special abilities


You were on level 2 of the Dungeon.
You visited 1 branch of the dungeon, and saw 3 of its levels.

You collected 101 gold pieces.

Inventory:

Hand Weapons
 m - a +0 long sword
Missiles
 k - 5 stones (quivered)
Armour
 a - a +0 robe (worn)
 g - a +0 chain mail
 l - a +0 leather armour
Jewellery
 j - a +4 ring of protection
Scrolls
 d - 2 scrolls of summoning {unknown}
 e - 2 scrolls of identify {unknown}
 f - a scroll of silence {unknown}
 i - a scroll of vulnerability {unknown}
Potions
 b - 2 potions of ambrosia
 c - 2 potions of berserk rage {unknown}
 h - a potion of flight {unknown}


   Skills:
 - Level 4.0 Fighting
 - Level 2.4 Dodging
 - Level 1.5 Stealth
 - Level 5.0 Unarmed Combat
 * Level 0.2 Spellcasting
 - Level 1.0 Transmutations


You had one spell level left.
You knew the following spells:

 Your Spells              Type           Power      Damage    Failure   Level
e - Wereblood             Tmut           2%         N/A       32%         2

Your spell library contained the following spells:

 Spells                   Type           Power      Damage    Failure   Level
 Sublimation of Blood     Necr           0%         N/A       45%         2
 Summon Hydra             Summ           0%         N/A       100%        7


Dungeon Overview and Level Annotations

Branches:
Dungeon (3/15)

Altars:
Yredelemnul

Shops:
D:1 *


Message History

A shadow imp comes into view.
The orc closely misses you.
You hit the orc but do no damage. The orc barely misses you.
You barely miss the orc. The orc hits you with a +0 short sword.
You hit the orc.
The orc is lightly wounded.
The orc hits you with a +0 short sword.
You hit the orc but do no damage.
The orc is lightly wounded.
The orc closely misses you.
You barely miss the orc.
The orc is lightly wounded.
The shadow imp closely misses you. The orc hits you with a +0 short sword.
A rat comes into view.
The orc attacks as you move away! The orc hits you with a +0 short sword.
The shadow imp attacks as you move away!
The shadow imp hits you. The orc attacks as you move away!
The orc hits you with a +0 short sword. The orc barely misses you.
The shadow imp gestures at you. Pain shoots through your body!
* * * LOW HITPOINT WARNING * * *
You see here a +0 short sword.
There is a stone staircase leading up here.
The shadow imp grins evilly.
The orc hits you with a +0 short sword.
* * * LOW HITPOINT WARNING * * *
You climb upwards.
There is a stone staircase leading down here.
The orc attacks as you move away! The orc hits you with a +0 short sword.
* * * LOW HITPOINT WARNING * * *
The orc attacks as you move away! The orc misses you.
The orc attacks as you move away! The orc misses you.
The orc attacks as you move away! The orc hits you with a +0 short sword.
* * * LOW HITPOINT WARNING * * *
There is a faded altar of an unknown god here.
The orc attacks as you move away! The orc hits you but does no damage.
The orc attacks as you move away! The orc barely misses you.
The orc attacks as you move away! The orc hits you with a +0 short sword.
You die...

.####.# #.#..#############.# .#
#.# #.#..# #.# .#
##.######.#..# #.# .#
#..........._# ##########.###
.# #............#
#.........#... .#
#.######.....# #.######.###..
.# #.# #.)#.#####.# #.## ##. .#
#.# ###..#.o.....#####..###..
.# #.#
#....#..@..........#.#.## .#
#.## #.#.##.####...........##
## #..###.#.##.# #.########<.#
# ##.#.##.#.##.# #.# #..#
###......)..##.# #.# #..#
...............# #.# #..#
#####.###.###### #.# #..#
####....<....)# #.# #..#
.....####.###.#####.########..#


You could see an orc.

Vanquished Creatures
  A hound (D:3)
  2 adders (D:2)
  A dart slug (D:3)
  3 bats (D:2)
  4 endoplasms
  A giant cockroach (D:2)
  4 hobgoblins (D:1)
  A quokka (D:2)
  3 ball pythons (D:2)
  A frilled lizard (D:1)
  4 goblins
  2 kobolds (D:2)
  4 rats
31 creatures vanquished.

Notes
Turn   | Place    | Note
-------+----------+-------------------------------------------
     0 | D:1      | avis the Hill Orc Monk began the quest for the Orb.
     0 | D:1      | Reached XP level 1. HP: 19/19 MP: 1/1
    12 | D:1      | Found Houskis's Assorted Antiques.
   170 | D:1      | Reached XP level 2. HP: 27/27 MP: 2/2
   766 | D:2      | Found a faded altar of an unknown god.
   800 | D:2      | Reached skill level 4 in Unarmed Combat
   877 | D:2      | Reached XP level 3. HP: 23/33 MP: 3/3
   889 | D:2      | Learned a level 2 spell: Wereblood
  1519 | D:2      | Found a basalt altar of Yredelemnul.
  1830 | D:3      | Reached skill level 5 in Unarmed Combat
  1830 | D:3      | Reached skill level 1 in Transmutations
  1830 | D:3      | Reached XP level 4. HP: 30/40 MP: 4/4
  1969 | D:2      | Slain by an orc

Illustrated notes

Levels and vault maps discovered:
D:1:      dpeg_arrival_round_a, layout_rooms, serial_shops, shop
D:2:      layout_loops_ring, basic_altar, basic_ecumenical_altar
D:3:      layout_basic, serial_shops, shop, corexii_shack

Skill      XL: |  1  2  3 |
---------------+----------+-----
Fighting       | 4 |  4.0
Unarmed Combat | 4 5 |  5.0
Transmutations | 1 |  1.0
Dodging        | |  2.4
Stealth        | |  1.5
Spellcasting   | |  0.2

Action                   |  1- 3 |  4- 6 || total
-------------------------+-------+-------++-------
Melee: Unarmed           |   103 |     6 ||   109
       Punch             |     3 |       ||     3
 Stab: Sleeping          |     3 |       ||     3
Armor: Robe              |    14 |     1 ||    15
Dodge: Dodged            |    65 |     9 ||    74

Table legend: (Time is in decaauts)
 A = Elapsed time spent in this place.
 B = Non-inter-level travel time spent in this place.
 C = Inter-level travel time spent in this place.
 D = Time resting spent in this place.
 E = Time spent auto-exploring this place.
 F = Levels seen in this place.
 G = Mean time per level.
                   A        B        C        D        E       F      G
               +--------+--------+--------+--------+--------+-----+--------+
         Total |   1965 |   1660 |    305 |    465 |    798 |   3 |  655.0 |
       Dungeon |   1965 |   1660 |    305 |    465 |    798 |   3 |  655.0 |
               +--------+--------+--------+--------+--------+-----+--------+

Top non-repeatable levels by time:
     D:2: 1138 daAuts
     D:1: 718 daAuts
     D:3: 108 daAuts
